 Dungeon Crawl Stone Soup version 0.24-b1-44-g37ad8b309f (webtiles) character file.

Game seed: 11476693883486123530, levelgen mode: deterministic

12285 Edgeworth the Cleaver (level 11, -31/103 HPs)
             Began as a Deep Dwarf Fighter on Oct 23, 2019.
             Was a High Priest of Okawaru.
             Killed from afar by an orc sorcerer (35 damage)
             ... with a bolt of negative energy
             ... in a volcano.
             The game lasted 00:23:39 (8038 turns).

Edgeworth the Cleaver (Deep Dwarf Fighter)          Turns: 8038, Time: 00:23:40

Health: -31/103    AC: 16    Str: 23    XL:     11   Next: 60%
Magic:  1/1        EV: 13    Int:  9    God:    Okawaru [*****.]
Gold:   636        SH: 14    Dex: 12    Spells: 10/10 levels left

rFire    . . .     SeeInvis .   H - +2 broad axe (pain)
rCold    . . .     Gourm    .   c - +0 shield
rNeg     . . .     Faith    .   J - +0 acid dragon scales
rPois    .         Spirit   .   D - +2 helmet
rElec    .         Reflect  +   S - +2 cloak
rCorr    +         Harm     .   w - +0 pair of gloves
MR       ++...                  T - +0 pair of boots
Stlth    +.........             F - +2 amulet of reflection
HPRegen  0.00/turn              Q - ring of protection from magic
MPRegen  0.07/turn              R - ring of resist corrosion

@: non-regenerating, drained
A: damage resistance, heal wounds, sense surroundings 2, no regeneration
a: Heal Wounds, Heroism, Finesse, Renounce Religion


You were in a volcano.
You worshipped Okawaru.
Okawaru was extremely pleased with you.
You were not hungry.

You visited 2 branches of the dungeon, and saw 12 of its levels.
You also visited: Volcano.

You collected 706 gold pieces.
You spent 70 gold pieces at shops.

Inventory:

Hand Weapons
 H - a +2 broad axe of pain (weapon)
Armour
 c - a +0 shield (worn)
 w - a +0 pair of gloves (worn)
 D - a +2 helmet (worn)
 J - +0 acid dragon scales (worn)
 S - a +2 cloak (worn)
 T - a +0 pair of boots (worn)
Jewellery
 F - a +2 amulet of reflection (around neck)
 Q - a ring of protection from magic (left hand)
 R - a ring of resist corrosion (right hand)
Scrolls
 b - a scroll of fog
 e - 2 scrolls of enchant weapon
 g - 7 scrolls of teleportation
 i - 2 scrolls of enchant armour
 j - 3 scrolls of remove curse
 k - 6 scrolls of blinking
 m - a scroll of fear
 r - 2 scrolls of identify
 y - 3 scrolls of amnesia
 E - 3 scrolls of magic mapping
 N - a scroll of holy word
Potions
 h - 8 potions of curing
 n - 2 potions of magic {unknown}
 p - 2 potions of haste {unknown}
 q - 4 potions of degeneration {unknown}
 s - a potion of ambrosia {unknown}
 v - 2 potions of cancellation {unknown}
 B - a potion of berserk rage {unknown}
 G - a potion of agility {unknown}
 L - a potion of mutation {unknown}
Comestibles
 f - 27 rations


   Skills:
 + Level 7.9(7.2) Fighting
 + Level 13.2(12.3) Axes
 + Level 6.7(6.0) Armour
 + Level 5.8(5.1) Dodging
 + Level 10.0(9.2) Shields
 + Level 0.3(0.0) Invocations


You had 10 spell levels left.
You didn't know any spells.
Your spell library contained the following spells:

 Spells                   Type           Power        Failure   Level  Hunger
 Infusion                 Chrm           #...         71%         1    ##.....
 Shock                    Conj/Air       #...         71%         1    ##.....
 Shroud of Golubria       Chrm/Tloc      #.....       85%         2    ###....
 Song of Slaying          Chrm           #.......     85%         2    ###....
 Swiftness                Chrm/Air       #.......     85%         2    ###....
 Spectral Weapon          Hex/Chrm       #.......     97%         3    ####...
 Static Discharge         Conj/Air       #.......     97%         3    ####...
 Airstrike                Air            #.........   100%        4    #####..
 Lightning Bolt           Conj/Air       #.........   100%        5    ######.
 Regeneration             Chrm/Necr      Unusable     N/A         3    N/A

Dungeon Overview and Level Annotations

Branches:
Dungeon (10/15)            Temple (0/1) D:5            Lair (2/6) D:9
Volcano (1/1)
  Swamp: Lair:2-4    Shoals: Lair:2-4     Snake: Lair:2-4    Spider: Lair:2-4
    Orc: D:9-12

Altars:
Ashenzari
Cheibriados
Fedhas
Kikubaaqudgha
Makhleb
Nemelex Xobeh
Okawaru
Vehumet
Wu Jian
Xom

Shops:
D:10 !

Annotations:
Lair:2 3 runed translucent doors


Innate Abilities, Weirdness & Mutations

You are resistant to damage.
You can heal yourself by infusing magical energy.
You passively map the area around you.
You do not regenerate.


Message History

You block the brown ugly thing's attack.
You block the orc sorcerer's attack. You block the red ugly thing's attack.
You hit the orc sorcerer but do no damage.
The orc sorcerer is almost dead.
You barely miss the brown ugly thing.
You hit the red ugly thing but do no damage.
You block the brown ugly thing's attack.
The orc sorcerer shouts, "You are history!"
The orc sorcerer hits you but does no damage.
The red ugly thing trunk-slaps you.
* * * LOW HITPOINT WARNING * * *
You are engulfed in flames!
* * * LOW HITPOINT WARNING * * *
You hit the orc sorcerer but do no damage.
The orc sorcerer is almost dead.
You barely miss the red ugly thing. You barely miss the brown ugly thing.
The brown ugly thing completely misses you.
The orc sorcerer gestures at you while chanting.
The bolt of negative energy hits you!!!
You feel drained.
You die...

#### * #... ,
##... , _
#....## , *
#..hou## ####
#@u## ####..# *
*##..## ##......
* ,##..##
###.....≈. * +
##..###8.....≈≈≈
,
#∩)'.......≈§≈§
* *
#..###8....≈≈≈≈
* #..##
##....§≈≈≈ *
#..## #.§§.§§§≈
#..# ...≈≈§§≈§


You could see 2 ugly things, an orc sorcerer and a hell hound.

Vanquished Creatures
  Harold (D:7)
  Fannar (D:10)
  Erolcha (D:9)
  A two-headed ogre (D:10)
  A tengu warrior (D:8)
  Pikel (D:5)
  Maurice (D:9)
  Joseph (D:9)
  A spiny frog (Lair:1)
  A red devil (Volcano)
  A queen bee (D:7)
  A troll (D:9)
  2 hornets (D:7)
  The ghost of Dusoehad the Slinger, an amateur HaHu of Dithmenos (D:7)
  A hippogriff (D:8)
  Sigmund (D:2)
  3 yaks (D:9)
  7 fire bats (Volcano)
  A hungry ghost (D:9)
  2 water moccasins
  An acid dragon (D:7)
  A hell hound (Volcano)
  Duvessa (D:7)
  A black bear (D:7)
  A necrophage (D:8)
  2 phantoms
  2 eyes of draining
  2 wolves (D:9)
  2 ogres
  3 centaurs
  A crocodile (D:9)
  3 big kobolds
  5 bullfrogs
  2 scorpions
  Dowan (D:7)
  6 killer bees (D:7)
  3 electric eels (D:9)
  2 howler monkeys
  5 crimson imps
  9 lava snakes
  A centaur zombie (D:7)
  A jelly (D:5)
  10 hounds
  Crazy Yiuf (D:4)
  A bullfrog zombie (D:10)
  An orc priest (D:8)
  5 orc wizards
  3 bullfrog skeletons
  A centaur skeleton (D:3)
  Jessica (D:3)
  Ijyb (D:3)
  2 iguanas
  5 worker ants
  A hound skeleton (D:7)
  Robin (D:3)
  A gnoll (D:1)
  11 adders
  6 shadow imps
  An ooze (D:2)
  2 adder skeletons
  3 worms (D:4)
  A dart slug (D:1)
  5 leopard geckos
  15 orcs
  8 bats
  3 giant cockroaches
  15 goblins
  9 hobgoblins
  9 jackals
  4 quokkas
  A frilled lizard (D:2)
  13 kobolds
  3 leopard gecko skeletons
  A quokka skeleton (D:5)
  7 rats
  2 fungi (D:4)
238 creatures vanquished.

Vanquished Creatures (others)
  A howler monkey skeleton (D:9)
1 creature vanquished.

Grand Total: 239 creatures vanquished

Notes
Turn   | Place    | Note
-------+----------+-------------------------------------------
     0 | D:1      | Edgeworth the Deep Dwarf Fighter began the quest for the
                  | Orb.
     0 | D:1      | Reached XP level 1. HP: 20/20 MP: 1/1
   188 | D:1      | Reached XP level 2. HP: 22/27 MP: 2/2
   433 | D:1      | Reached skill level 3 in Axes
   433 | D:1      | Reached XP level 3. HP: 18/33 MP: 3/3
   972 | D:2      | Reached XP level 4. HP: 5/42 MP: 4/4
  1051 | D:2      | Reached skill level 1 in Dodging
  1146 | D:2      | Noticed Sigmund
  1153 | D:2      | HP: 1/42 [something (8)]
  1168 | D:2      | Killed Sigmund
  1168 | D:2      | Reached skill level 4 in Axes
  1168 | D:2      | Reached XP level 5. HP: 37/49 MP: 5/5
  1202 | D:2      | Reached XP level 6. HP: 42/56 MP: 6/6
  1554 | D:3      | Noticed Ijyb
  1557 | D:3      | Noticed Jessica
  1574 | D:3      | Killed Ijyb
  1574 | D:3      | Reached skill level 5 in Axes
  1580 | D:3      | Killed Jessica
  1714 | D:3      | Noticed Robin
  1730 | D:3      | Killed Robin
  2121 | D:3      | Found an ancient bone altar of Kikubaaqudgha.
  2121 | D:3      | Found an iron altar of Okawaru.
  2136 | D:3      | Became a worshipper of Warmaster Okawaru
  2445 | D:4      | Reached skill level 6 in Axes
  2445 | D:4      | Reached XP level 7. HP: 23/63 MP: 7/7
  2844 | D:4      | Found a runed translucent door.
  2845 | D:4      | Noticed Crazy Yiuf
  2858 | D:4      | Killed Crazy Yiuf
  2934 | D:5      | Entered Level 5 of the Dungeon
  3078 | D:5      | Found an ornate altar of the Wu Jian Council.
  3114 | D:5      | Found a shattered altar of Ashenzari.
  3126 | D:5      | Found a staircase to the Ecumenical Temple.
  3208 | D:5      | Noticed Pikel
  3241 | D:5      | Killed Pikel
  3241 | D:5      | Reached * piety under Okawaru
  3241 | D:5      | Reached skill level 7 in Axes
  3241 | D:5      | Reached skill level 5 in Armour
  3241 | D:5      | Reached skill level 5 in Shields
  3241 | D:5      | Reached XP level 8. HP: 43/72 MP: 8/8
  3764 | D:6      | Found a snail-covered altar of Cheibriados.
  3782 | D:6      | Reached skill level 8 in Axes
  4004 | D:6      | Reached ** piety under Okawaru
  4084 | D:6      | Reached skill level 5 in Fighting
  4088 | D:6      | Found a radiant altar of Vehumet.
  4249 | D:6      | Found a burning altar of Makhleb.
  4249 | D:6      | Found a shimmering altar of Xom.
  4512 | D:7      | Noticed Duvessa
  4512 | D:7      | Noticed Dowan
  4519 | D:7      | Killed Dowan
  4522 | D:7      | Killed Duvessa
  4522 | D:7      | Reached skill level 9 in Axes
  4537 | D:7      | Gained mutation: You passively map the area around you.
                  | [Deep Dwarf growth]
  4537 | D:7      | Reached XP level 9. HP: 65/81 MP: 9/9
  4569 | D:7      | Noticed Harold
  4579 | D:7      | Noticed Dusoehad's ghost (amateur HaHu)
  4589 | D:7      | Killed Harold
  4589 | D:7      | Reached *** piety under Okawaru
  4589 | D:7      | Reached skill level 10 in Axes
  4640 | D:7      | Found a transporter.
  4644 | D:7      | Found a transporter.
  4646 | D:7      | Noticed a queen bee
  4745 | D:7      | Reached **** piety under Okawaru
  4768 | D:7      | Killed Dusoehad's ghost
  4786 | D:7      | Killed a queen bee
  4921 | D:7      | Reached XP level 10. HP: 47/91 MP: 10/10
  5087 | D:7      | Reached ***** piety under Okawaru
  5087 | D:7      | Reached skill level 11 in Axes
  5218 | D:8      | Found a shimmering altar of Xom.
  5667 | D:8      | Noticed a tengu warrior
  5684 | D:8      | Killed a tengu warrior
  5900 | D:8      | Found a sparkling altar of Nemelex Xobeh.
  6255 | D:9      | Noticed Joseph
  6293 | D:9      | Killed Joseph
  6351 | D:9      | Noticed Maurice
  6459 | D:9      | Reached skill level 12 in Axes
  6518 | D:9      | Found a staircase to the Lair.
  6559 | D:9      | Received a gift from Okawaru
  6756 | D:9      | Killed Maurice
  6756 | D:9      | Reached XP level 11. HP: 43/100 MP: 7/7
  6765 | D:9      | Noticed Erolcha
  6773 | D:9      | HP: 2/100 [Erolcha/+0 giant club (41)]
  6780 | D:9      | Paralysed by Erolcha for 6 turns
  6789 | D:9      | Found a blossoming altar of Fedhas.
  6796 | D:9      | Killed Erolcha
  6796 | D:9      | Reached skill level 5 in Dodging
  7107 | D:10     | Entered Level 10 of the Dungeon
  7107 | D:10     | Found Vuricoop's Distillery.
  7109 | D:10     | Noticed a two-headed ogre
  7119 | D:10     | Killed a two-headed ogre
  7142 | D:10     | Bought a potion of heal wounds for 70 gold pieces
  7159 | D:10     | Noticed Fannar
  7187 | D:10     | Killed Fannar
  7187 | D:10     | Received a gift from Okawaru
  7191 | D:10     | Got a thick robe {god gift}
  7192 | D:10     | Identified the +4 robe of Meidijel {rF- Int+6} (Okawaru
                  | gifted it to you on level 10 of the Dungeon)
  7275 | Lair:1   | Entered Level 1 of the Lair of Beasts
  7317 | Lair:1   | Reached skill level 13 in Axes
  7864 | Lair:2   | Found a runed translucent gate.
  7864 | Lair:2   | Found a runed translucent gate.
  7864 | Lair:2   | Found a runed translucent gate.
  7864 | Lair:2   | Found a dark tunnel.
  7872 | Volcano  | Entered a volcano
  8018 | Volcano  | Reached skill level 10 in Shields
  8024 | Volcano  | Noticed a red ugly thing
  8026 | Volcano  | Noticed an orc sorcerer
  8030 | Volcano  | Noticed a red ugly thing
  8037 | Volcano  | HP: 4/103 [red ugly thing (16)]
  8038 | Volcano  | Killed from afar by an orc sorcerer

Skill      XL: |  1  2  3  4  5  6  7  8  9 10 11 |
---------------+----------------------------------+-----
Axes           | 3 4 6 7 9 10 12 13 | 13.2
Fighting       | 3 4 5 7 |  7.9
Dodging        | 1 2 3 4 5 |  5.8
Armour         | 4 5 6 |  6.7
Shields        | 4 5 7 9 10 | 10.0
Invocations    | |  0.3

Action                   |  1- 3 |  4- 6 |  7- 9 | 10-12 || total
-------------------------+-------+-------+-------+-------++-------
Melee: War axe           |   123 |   162 |   322 |   264 ||   871
       Broad axe         |       |       |       |   170 ||   170
Invok: Heroism           |       |       |       |     2 ||     2
 Abil: Heal Wounds       |       |     3 |     6 |    30 ||    39
  Use: Scroll            |       |     4 |       |    13 ||    17
       Potion            |       |       |     2 |     2 ||     4
  Eat: Chunk             |       |     5 |     6 |     5 ||    16
       Ration            |       |       |     1 |     2 ||     3
Armor: Scale mail        |    61 |     1 |       |       ||    62
       Chain mail        |       |    72 |       |       ||    72
       Plate armour      |       |       |   115 |       ||   115
       Acid dragon scale |       |       |    40 |   157 ||   197
Dodge: Dodged            |    44 |    40 |    80 |   184 ||   348
Block: Shield            |    62 |    72 |   228 |   333 ||   695
       Reflection        |       |       |     1 |     6 ||     7
